 Dungeon Crawl Stone Soup version 0.31.0-9-g3a7656b989 (webtiles) character file.

Game seed: 1748425597864543432

2676 qw the Skirmisher (level 9, 0/52 HPs)
             Began as a Deep Elf Hunter on Feb 2, 2024.
             Succumbed to a kobold brigand's curare-tipped dart
             ... on level 7 of the Dungeon.
             The game lasted 00:00:44 (5805 turns).

qw the Skirmisher (Deep Elf Hunter)                 Turns: 5805, Time: 00:00:45

Health: 0/52       AC: 14    Str: 11    XL:     9   Next: 37%
Magic:  11/11      EV: 15    Int: 14    God:
Gold:   273        SH:  0    Dex: 22    Spells: 8/8 levels left

rFire   . . .        a - +0 shortbow (drain)
rCold   . . .        (shield currently unavailable)
rNeg    . . .        f - +1 ring mail
rPois   .            l - +2 helmet
rElec   .            (no cloak)
rCorr   .            (no gloves)
SInv    .            q - +2 pair of boots
Will    .....        (no amulet)
Stlth   ++           (no ring)
HPRegen 0.28/turn    (no ring)
MPRegen 0.12/turn

%: no passive effects
@: lethally poisoned (0 -> -29), about to teleport, hasted and slowed
A: iridescent scales 1, agile 1, screaming 1
a: no special abilities


You were on level 7 of the Dungeon.
You visited 2 branches of the dungeon, and saw 8 of its levels.

You collected 273 gold pieces.


Innate Abilities, Weirdness & Mutations

You are partially covered in iridescent scales. (AC +2)
You are agile. (Dex +4, Str/Int -1)
You occasionally shout uncontrollably at your foes.


   Skills:
 + Level 4.2 Fighting
 - Level 14.0 Ranged Weapons
 - Level 2.1 Armour
 - Level 7.0 Dodging
 - Level 1.2 Stealth


You had 8 spell levels left.
You didn't know any spells.
Your spell library was empty.

Inventory:

Hand Weapons
 a - a +0 shortbow of draining (weapon)
Armour
 f - a +1 ring mail (worn)
 l - a +2 helmet (worn)
 q - a +2 pair of boots (worn)
Wands
 n - a wand of flame (7)
Scrolls
 d - a scroll of teleportation
Potions
 e - a potion of cancellation
 h - 2 potions of might
 i - a potion of resistance {unknown}
 j - a potion of attraction {unknown}
 k - 2 potions of enlightenment
 m - a potion of mutation
 o - a potion of lignification {unknown}
 p - a potion of curing {unknown}

Dungeon Overview and Level Annotations

Branches:
Dungeon (7/15)             Temple (1/1) D:6

Altars:
Ashenzari
Cheibriados
Dithmenos
Fedhas
Gozag
Hepliaklqana
Kikubaaqudgha
Qazlal
Ru
Sif Muna
Vehumet
Wu Jian
Zin
The Shining One

Shops:
D:2 :


Message History

An orc is nearby!
You shoot an arrow. The arrow hits the orc!
You kill the orc!
You start resting.
A kobold brigand comes into view.
It is wielding a +0 club and quivering curare-tipped darts.
You shoot an arrow.
The arrow barely misses the kobold brigand.
The kobold brigand shouts!
You shoot an arrow. The arrow hits the kobold brigand.
The kobold brigand is lightly wounded.
You shoot an arrow. The arrow hits the kobold brigand.
The kobold brigand is lightly wounded.
The kobold brigand throws a curare-tipped dart.
The curare-tipped dart barely misses you.
You shoot an arrow. The arrow hits the kobold brigand!
You drain the kobold brigand.
The kobold brigand is heavily wounded.
You shoot an arrow.
The arrow closely misses the kobold brigand.
You shoot an arrow. The arrow hits the kobold brigand.
You drain the kobold brigand.
The kobold brigand is almost dead.
You shoot an arrow.
The arrow completely misses the kobold brigand.
The kobold brigand throws a curare-tipped dart.
The curare-tipped dart hits you.
You are poisoned.
You have difficulty breathing.
You feel yourself slow down.
5804 ||| DRINKING potion of haste.
You feel yourself speed up.
You feel very sick.
A kobold comes into view. It is wielding a +0 falchion.
The kobold brigand throws a curare-tipped dart.
The curare-tipped dart hits you.
You are lethally poisoned!
You have difficulty breathing.
You feel as though you will be slow longer.
5805 ||| READING 2 scrolls of teleportation.
As you read the scroll of teleportation, it crumbles to dust.
You feel strangely unstable.
You die...

.. #####
... #...#
. ..#
#...#..))
#.
#@.K.)))K
####.
#.....###
.....
#...###
....
#...# #..
##### #.
## #.
...###.
.......


You could see a kobold brigand (very drained) and a kobold (wandering).

Vanquished Creatures
  Grinder (D:6)
  4 yaks (D:7)
  2 steam dragons (D:7)
  An acid dragon (D:6)
  A water moccasin (D:7)
  A black bear (D:6)
  2 ogres
  2 phantoms
  4 scorpions
  8 wights (D:7)
  A bombardier beetle (D:6)
  3 hounds
  A jelly (D:5)
  An orc priest (D:4)
  A gnoll bouda (D:5)
  A sleepcap (D:4)
  6 adders
  3 gnolls (D:5)
  A white imp (D:7)
  2 ufetubi (D:6)
  3 dart slugs
  3 ribbon worms
  5 orcs
  8 endoplasms
  6 giant cockroaches
  6 goblins
  5 hobgoblins
  3 jackals (D:1)
  2 quokkas
  3 ball pythons
  3 bats (D:1)
  A frilled lizard (D:3)
  10 kobolds
  6 rats
110 creatures vanquished.

Notes
Turn   | Place    | Note
-------+----------+-------------------------------------------
     0 | D:1      | qw the Deep Elf Hunter began the quest for the Orb.
     0 | D:1      | Reached XP level 1. HP: 12/12 MP: 3/3
     0 | D:1      | 0 ||| qw: Version: 0.3-a-155-g5e7d8dd
     0 | D:1      | 0 ||| qw: Game counter: 1735
     0 | D:1      | 0 ||| qw: Melee chars always use a shield: true
     0 | D:1      | 0 ||| qw: God list: Okawaru
     0 | D:1      | 0 ||| qw: Allow faded altars: false
     0 | D:1      | 0 ||| qw: Do Orc after clearing Dungeon:15 true
     0 | D:1      | 0 ||| qw: Do second Lair branch before Depths: true
     0 | D:1      | 0 ||| qw: Lair rune preference: random
     0 | D:1      | 0 ||| qw: Goals: Normal
     0 | D:1      | 0 ||| PLANNING D:1-11
   103 | D:1      | Reached XP level 2. HP: 12/16 MP: 4/4
   106 | D:1      | Reached skill level 6 in Ranged Weapons
   956 | D:1      | 956 ||| UPGRADING to +0 ring mail.
   966 | D:1      | 966 ||| DROPPING +0 leather armour.
   967 | D:1      | 967 ||| READING 2 scrolls labelled CUCITHE KAISS.
   972 | D:1      | 972 ||| READING scroll labelled EXAGARCH SIFUT.
   973 | D:1      | 973 ||| DROPPING scroll of butterflies.
  1000 | D:2      | Found Xaqampiff's Book Shop.
  1055 | D:2      | Reached XP level 3. HP: 20/20 MP: 5/5
  1391 | D:2      | Reached skill level 7 in Ranged Weapons
  1753 | D:2      | 1753 ||| READING 2 scrolls labelled GESMIDIALU.
  1753 | D:2      | 1753 ||| IDENTIFYING blue potion
  1754 | D:2      | 1754 ||| READING scroll of identify.
  1754 | D:2      | 1754 ||| IDENTIFYING bubbling silvery potion
  1755 | D:2      | 1755 ||| READING scroll labelled RUIRATIOHI.
  1756 | D:2      | 1756 ||| READING scroll labelled SAUCEXEQUEG.
  1756 | D:2      | 1756 ||| ENCHANTING +0 ring mail.
  2079 | D:3      | Found an ancient bone altar of Kikubaaqudgha.
  2085 | D:3      | Reached XP level 4. HP: 25/25 MP: 6/6
  2086 | D:3      | Found a shimmering blue altar of Sif Muna.
  2087 | D:3      | Found a radiant altar of Vehumet.
  2168 | D:3      | 2168 ||| UPGRADING to +0 pair of boots.
  2173 | D:3      | Noticed a phantom
  2174 | D:3      | 2174 ||| DROPPING amulet of magic regeneration.
  2175 | D:3      | 2175 ||| READING scroll of identify.
  2175 | D:3      | 2175 ||| IDENTIFYING dark potion
  2176 | D:3      | 2176 ||| READING scroll labelled APRIAR VU RUUR.
  2176 | D:3      | 2176 ||| BRANDING +0 shortbow.
  2177 | D:3      | 2177 ||| READING scroll labelled UBOFEOTALU.
  2192 | D:3      | Killed a phantom
  2193 | D:3      | Reached skill level 8 in Ranged Weapons
  2193 | D:3      | Reached XP level 5. HP: 22/29 MP: 7/7
  2329 | D:3      | Found a snail-covered altar of Cheibriados.
  2329 | D:3      | Found a blossoming altar of Fedhas.
  2597 | D:4      | Noticed an ogre
  2607 | D:4      | Killed an ogre
  2608 | D:4      | Reached skill level 9 in Ranged Weapons
  2729 | D:4      | 2729 ||| FLEEEEING.
  2730 | D:4      | 2730 ||| FLEEEEING.
  2731 | D:4      | 2731 ||| FLEEEEING.
  2732 | D:4      | 2732 ||| FLEEEEING.
  2740 | D:4      | Reached XP level 6. HP: 22/35 MP: 8/8
  3039 | D:4      | Reached skill level 10 in Ranged Weapons
  3094 | D:4      | Reached skill level 3 in Dodging
  3362 | D:4      | 3362 ||| UPGRADING to +2 helmet.
  3367 | D:4      | 3367 ||| READING scroll labelled MOTEYD YLUO.
  3368 | D:4      | 3368 ||| DRINKING 2 fuming purple potions.
  3368 | D:4      | Gained mutation: You are partially covered in iridescent
                  | scales. (AC +2) [potion of mutation]
  3368 | D:4      | Gained mutation: You occasionally shout uncontrollably at
                  | your foes. [potion of mutation]
  3368 | D:4      | Gained mutation: You are agile. (Dex +4, Str/Int -1)
                  | [potion of mutation]
  3412 | D:5      | Entered Level 5 of the Dungeon
  3413 | D:5      | 3413 ||| PLANNING SEWER
  3477 | D:5      | Reached skill level 1 in Armour
  3589 | D:5      | Reached XP level 7. HP: 40/40 MP: 9/9
  3747 | D:5      | 3747 ||| UPGRADING to +2 pair of boots.
  3757 | D:5      | 3757 ||| DROPPING +0 pair of boots.
  3758 | D:5      | 3758 ||| DRINKING 2 fizzy clear potions.
  4058 | D:5      | 4058 ||| RIP SEWER
  4059 | D:5      | 4059 ||| PLANNING D:1-11
  4099 | D:6      | Noticed Grinder
  4111 | D:6      | 4111 ||| FLEEEEING.
  4117 | D:6      | Killed Grinder
  4118 | D:6      | Reached skill level 11 in Ranged Weapons
  4274 | D:6      | Found a staircase to the Ecumenical Temple.
  4275 | D:6      | 4275 ||| PLANNING TEMPLE
  4280 | Temple   | Entered the Ecumenical Temple
  4281 | Temple   | 4281 ||| PLANNING D:1-11
  4422 | D:6      | Found a sacrificial altar of Ru.
  4555 | D:6      | 4555 ||| FLEEEEING.
  4556 | D:6      | 4556 ||| FLEEEEING.
  4565 | D:6      | Reached skill level 12 in Ranged Weapons
  4565 | D:6      | Reached XP level 8. HP: 24/44 MP: 10/10
  4866 | D:6      | Reached skill level 3 in Fighting
  4976 | D:6      | 4976 ||| READING scroll of identify.
  4976 | D:6      | 4976 ||| IDENTIFYING orange potion
  5074 | D:7      | 5074 ||| Stepping ~*~*~tactically~*~*~ (cloud).
  5076 | D:7      | 5076 ||| Stepping ~*~*~tactically~*~*~ (cloud).
  5083 | D:7      | 5083 ||| RETREEEEATING.
  5085 | D:7      | Reached skill level 13 in Ranged Weapons
  5085 | D:7      | 5085 ||| FLEEEEING.
  5086 | D:7      | 5086 ||| FLEEEEING.
  5087 | D:7      | 5087 ||| FLEEEEING.
  5088 | D:7      | 5088 ||| FLEEEEING.
  5089 | D:7      | 5089 ||| FLEEEEING.
  5090 | D:7      | 5090 ||| FLEEEEING.
  5091 | D:7      | 5091 ||| FLEEEEING.
  5092 | D:7      | 5092 ||| FLEEEEING.
  5093 | D:7      | 5093 ||| FLEEEEING.
  5094 | D:7      | 5094 ||| FLEEEEING.
  5095 | D:7      | 5095 ||| FLEEEEING.
  5096 | D:7      | 5096 ||| FLEEEEING.
  5097 | D:7      | 5097 ||| STAIRDANCE
  5163 | D:6      | 5163 ||| DROPPING ring of magical power.
  5243 | D:7      | 5243 ||| FLEEEEING.
  5244 | D:7      | 5244 ||| FLEEEEING.
  5245 | D:7      | 5245 ||| FLEEEEING.
  5246 | D:7      | 5246 ||| FLEEEEING.
  5247 | D:7      | 5247 ||| FLEEEEING.
  5248 | D:7      | 5248 ||| FLEEEEING.
  5249 | D:7      | 5249 ||| FLEEEEING.
  5250 | D:7      | 5250 ||| FLEEEEING.
  5251 | D:7      | 5251 ||| STAIRDANCE
  5377 | D:7      | 5377 ||| RETREEEEATING.
  5381 | D:7      | 5381 ||| RETREEEEATING.
  5466 | D:7      | Reached skill level 14 in Ranged Weapons
  5466 | D:7      | Reached XP level 9. HP: 51/51 MP: 11/11
  5476 | D:7      | 5476 ||| RETREEEEATING.
  5478 | D:7      | 5478 ||| RETREEEEATING.
  5483 | D:7      | 5483 ||| RETREEEEATING.
  5490 | D:7      | Reached skill level 6 in Dodging
  5683 | D:7      | 5683 ||| RETREEEEATING.
  5684 | D:7      | 5684 ||| RETREEEEATING.
  5685 | D:7      | 5685 ||| RETREEEEATING.
  5686 | D:7      | 5686 ||| RETREEEEATING.
  5687 | D:7      | 5687 ||| RETREEEEATING.
  5688 | D:7      | 5688 ||| RETREEEEATING.
  5689 | D:7      | 5689 ||| RETREEEEATING.
  5690 | D:7      | 5690 ||| RETREEEEATING.
  5691 | D:7      | 5691 ||| RETREEEEATING.
  5692 | D:7      | 5692 ||| RETREEEEATING.
  5693 | D:7      | 5693 ||| RETREEEEATING.
  5694 | D:7      | 5694 ||| RETREEEEATING.
  5694 | D:7      | HP: 13/52 [poisoned by a killer bee]
  5695 | D:7      | 5695 ||| READING 3 scrolls of teleportation.
  5695 | D:7      | HP: 4/52 [killer bee (3)]
  5696 | D:7      | 5696 ||| DRINKING potion of heal wounds.
  5697 | D:7      | 5697 ||| RETREEEEATING.
  5698 | D:7      | 5698 ||| RETREEEEATING.
  5699 | D:7      | 5699 ||| RETREEEEATING.
  5700 | D:7      | HP: 13/52 [poisoned by a killer bee]
  5705 | D:7      | HP: 7/52 [poisoned by a killer bee]
  5804 | D:7      | 5804 ||| DRINKING potion of haste.
  5804 | D:7      | HP: 7/52 [asphyx]
  5805 | D:7      | 5805 ||| READING 2 scrolls of teleportation.
  5805 | D:7      | Succumbed to a kobold brigand's curare-tipped dart

Levels and vault maps discovered:
D:1:      roderic_crop_circles_arrival_small, layout_basic,
          nicolae_figureground_pulse
D:2:      layout_basic, serial_shops, nicolae_shop_rolling_square
D:3:      layout_basic, grunt_temple_overflow_magic_moments,
          nicolae_overflow_two_pavilions, minmay_checkerbox
D:4:      layout_basic, grunt_ministairs_14, nicolae_the_louvre
D:5:      minmay_bubble_buster, layout_basic, cheibrodos_sewer_entry_sluice
D:6:      layout_cave_pods, lemuel_doored_altar, temple_green, uniq_grinder
D:7:      layout_rooms, nzn_makhleb_speed_demon,
          gammafunk_temple_overflow_forgotten, kennysheep_nub,
          nicolae_fountain_basement
Temple:   hellmonk_temple_two_chambers

Skill      XL: |  1  2  3  4  5  6  7  8  9 |
---------------+----------------------------+-----
Ranged Weapons | 6 7 8 9 10 12 14 | 14.0
Fighting       | 2 3 4 |  4.2
Dodging        | 3 4 5 7 |  7.0
Armour         | 1 2 |  2.1
Stealth        | |  1.2

Action                     |  1- 3 |  4- 6 |  7- 9 || total
---------------------------+-------+-------+-------++-------
   Fire: Shortbow          |   144 |   106 |   198 ||   448
    Use: Scroll            |     6 |     4 |     3 ||    13
         Potion            |       |     1 |     3 ||     4
 Armour: Leather armour    |    15 |       |       ||    15
         Ring mail         |    11 |    17 |    79 ||   107
  Dodge: Dodged            |    44 |    28 |    95 ||   167

Table legend:
 A = Non-vault XP
 B = Vault XP
 C = Vault XP percentage of total XP
 D = Non-vault monster count
 E = Vault monster count
 F = Vault count percentage of total count
                 A         B        C        D         E       F
            +---------+---------+-------+---------+---------+-------
      Total |    3336 |     487 |  12.7 |     103 |       7 |   6.4
            +---------+---------+-------+---------+---------+-------
        D:1 |      38 |       0 |   0.0 |      21 |       0 |   0.0
        D:2 |      44 |       0 |   0.0 |      11 |       0 |   0.0
        D:3 |      40 |     110 |  73.3 |      14 |       4 |  22.2
        D:4 |     234 |     123 |  34.5 |      14 |       2 |  12.5
        D:5 |     177 |       0 |   0.0 |       7 |       0 |   0.0
        D:6 |     795 |     254 |  24.2 |      11 |       1 |   8.3
        D:7 |    2008 |       0 |   0.0 |      25 |       0 |   0.0
            +---------+---------+-------+---------+---------+-------
